 Dungeon Crawl Stone Soup version 0.19-a0-1008-g4c63d25 (webtiles) character file.

4400 HAL9000 the Basher (level 10, 0/111 HPs)
             Began as an Ogre Berserker on July 22, 2016.
             Was an Elder of Trog.
             Succumbed to a killer bee's poison
             ... on level 9 of the Dungeon.
             The game lasted 00:17:10 (8886 turns).

HAL9000 the Basher (Ogre Berserker)                 Turns: 8886, Time: 00:17:10

Health: 0/111      AC:  5    Str: 24    XL:     10   Next: 35%
Magic:  10/10      EV: 12    Int:  6    God:    Trog [****..]
Gold:   558        SH:  2    Dex: 12    Spells: 0 memorised, 9 levels left

rFire  + . .     SeeInvis .     B - +0 giant club
rCold  x . .     Gourm    .     q - +2 robe
rNeg   + . .     Faith    .     (shield currently unavailable)
rPois  .         Spirit   .     (helmet restricted)
rElec  .         Dismiss  .     (no cloak)
rCorr  .         Reflect  +     (gloves unavailable)
SustAt .         Harm     .     (boots unavailable)
MR     +++..                    f - +2 amulet of reflection
Stlth  +.........               K - ring of positive energy
                                E - ring of fire

@: lethally poisoned (0 -> -24), exhausted, regenerating, slowed, very slow,
extremely resistant to hostile enchantments, very unstealthy
A: unfitting armour, tough skin 1
a: Berserk, Trog's Hand, Brothers in Arms, Burn Spellbooks, Renounce Religion


You were on level 9 of the Dungeon.
You worshipped Trog.
Trog was greatly pleased with you.
You were near starving.

You visited 1 branch of the dungeon, and saw 9 of its levels.
You also visited: Sewer.

You collected 558 gold pieces.

Inventory:

Hand Weapons
 B - a +0 giant club (weapon)
Missiles
 p - 3 poisoned javelins (quivered) {god gift}
 z - 5 tomahawks
 H - 11 javelins
 L - 3 large rocks
Armour
 q - a +2 robe (worn)
 Z - a +0 cloak
Jewellery
 f - a +2 amulet of reflection (around neck)
 t - an uncursed ring of teleportation
 A - an uncursed amulet of dismissal
 E - a ring of fire (left hand)
 J - an uncursed amulet of faith
 K - a ring of positive energy (right hand)
Wands
 C - a wand of teleportation (6/9)
 M - a wand of confusion (24/48)
 Q - a wand of flame (16/48)
 W - a wand of flame (18/48)
Scrolls
 k - 4 scrolls of magic mapping
 s - a scroll of fear {unknown}
 x - 4 scrolls of blinking {unknown}
 D - 5 scrolls of remove curse
 I - a scroll of enchant weapon {unknown}
 R - a scroll of immolation {unknown}
 S - a scroll of amnesia {unknown}
 T - a scroll of holy word {unknown}
 X - 3 scrolls of silence {unknown}
Potions
 g - 5 potions of lignification
 h - a potion of haste
 j - 3 potions of heal wounds
 l - a potion of brilliance
 o - 6 potions of curing
 w - a potion of cancellation
 y - 3 potions of flight
 U - a potion of ambrosia {unknown}
Books
 N - a book of Misfortune

   Spells                             Type                      Level
   a - Confusing Touch                Hexes                        1
   b - Confuse                        Hexes                        3
   c - Gell's Gravitas                Hexes/Translocation          3
   d - Petrify                        Transmutation/Earth          4
   e - Metabolic Englaciation         Hexes/Ice                    5
   f - Yara's Violent Unravelling     Hexes/Transmutation          5
   Trog disapproves of the use of such an item.
 O - a book of Changes

   Spells                             Type                      Level
   a - Beastly Appendage              Transmutation                1
   b - Sticks to Snakes               Transmutation                2
   c - Spider Form                    Transmutation/Poison         3
   d - Ice Form                       Ice/Transmutation            4
   e - Blade Hands                    Transmutation                5
   Trog disapproves of the use of such an item.
Comestibles
 c - 6 bread rations
 m - 6 meat rations
 P - 8 slices of pizza
 V - 2 beef jerkies
 Y - 6 fruits


   Skills:
 + Level 10.9 Fighting
 * Level 14.2 Maces & Flails
 + Level 6.0 Dodging


You had 9 spell levels left.
You didn't know any spells.

Dungeon Overview and Level Annotations

Branches:
Dungeon (9/15)             Temple (0/1) D:4
   Lair: D:8-11         Orc: D:9-12

Altars:
Sif Muna


Innate Abilities, Weirdness & Mutations

You are too large for most types of armour.
You have tough skin. (AC +1)


Message History

The killer bee closely misses you. x3; The killer bee misses you. x2
Unknown command.
You are too berserk!
You bludgeon the killer bee!!
You kill the killer bee!
Trog accepts your kill.
* * * LOW HITPOINT WARNING * * *
You feel very sick. The killer bee stings you.
* * * LOW HITPOINT WARNING * * *
You are more poisoned.
The killer bee poisons you! The killer bee closely misses you. x2
You block the killer bee's attack. x2
You are no longer berserk.
Trog's vigour flows through your veins.
You are exhausted.
You feel yourself slow down.
You are near starving!
You feel the effects of Trog's Hand fading.
You die...

........########..#
...............
##......##..###
######....## #.####
#.# #.# ######.####
........@y.#
##..##...#.# #
#.#yy(.....
#......#####
......#.#
..###.##.# #.. ..
.# #. #. # #+


You could see 3 killer bees.

Vanquished Creatures
  A deep elf mage (D:6)
  A troll (D:9)
  A two-headed ogre (D:9)
  Prince Ribbit (D:8)
  Grinder (D:5)
  Sigmund (D:4)
  A yak (D:7)
  A human (D:7)
  A hippogriff (D:7)
  Purgy (Sewer)
  3 phantoms
  3 sky beasts
  An eye of draining (D:9)
  2 ogres
  2 centaurs
  4 giant frogs
  A big kobold (D:6)
  A water moccasin zombie (D:9)
  A scorpion (D:8)
  2 killer bees (D:9)
  A howler monkey (D:5)
  A crimson imp (D:9)
  6 hounds
  A centaur skeleton (D:7)
  A giant frog skeleton (D:7)
  2 orc priests
  A jelly (D:8)
  2 orc wizards (D:6)
  Jessica (D:2)
  Ijyb (D:4)
  6 worker ants
  3 sheep (D:7)
  4 hound skeletons
  Robin (D:2)
  A worker ant zombie (D:5)
  7 gnolls
  6 adders
  A shadow imp (D:6)
  2 oozes
  2 adder zombies
  8 worms
  2 dart slugs
  7 giant geckos
  13 orcs
  6 bats
  9 giant cockroaches
  26 goblins
  5 hobgoblins
  5 jackals (D:1)
  3 quokkas
  3 ball pythons
  A giant gecko skeleton (D:6)
  6 giant newts
  A jackal zombie (D:5)
  25 kobolds
  A quokka skeleton (D:4)
  6 rats
  A plant (D:2)
208 creatures vanquished.

Notes
Turn   | Place    | Note
-------+----------+-------------------------------------------
     0 | D:1      | HAL9000 the Ogre Berserker began the quest for the Orb.
     0 | D:1      | Reached XP level 1. HP: 24/24 MP: 1/1
   100 | D:1      | Reached XP level 2. HP: 25/32 MP: 2/2
   551 | D:1      | Reached skill level 5 in Maces & Flails
   551 | D:1      | Reached XP level 3. HP: 32/40 MP: 3/3
   594 | D:1      | Reached ** piety under Trog
   844 | D:2      | Noticed Robin
   856 | D:2      | Killed Robin
   877 | D:2      | Reached XP level 4. HP: 34/49 MP: 4/4
   946 | D:2      | Reached skill level 5 in Fighting
  1221 | D:2      | Reached *** piety under Trog
  1442 | D:2      | Received a gift from Trog
  1451 | D:2      | Noticed Jessica
  1453 | D:2      | Killed Jessica
  1453 | D:2      | Reached skill level 6 in Maces & Flails
  1460 | D:2      | Reached XP level 5. HP: 52/57 MP: 5/5
  3197 | D:4      | Reached skill level 7 in Maces & Flails
  3237 | D:4      | Noticed Ijyb
  3242 | D:4      | Reached XP level 6. HP: 54/67 MP: 6/6
  3247 | D:4      | Killed Ijyb
  3579 | D:4      | Reached **** piety under Trog
  3579 | D:4      | Reached skill level 8 in Maces & Flails
  3736 | D:4      | Noticed Sigmund
  3746 | D:4      | Killed Sigmund
  3746 | D:4      | Reached XP level 7. HP: 76/76 MP: 7/7
  3777 | D:4      | Found a staircase to the Ecumenical Temple.
  3992 | D:4      | Reached skill level 9 in Maces & Flails
  4362 | D:5      | Entered Level 5 of the Dungeon
  4507 | D:5      | Noticed Grinder
  4518 | D:5      | Killed Grinder
  4518 | D:5      | Reached skill level 10 in Maces & Flails
  4666 | D:5      | Reached XP level 8. HP: 79/88 MP: 8/8
  4694 | D:5      | Found a deep blue altar of Sif Muna.
  4830 | D:5      | Found a glowing drain.
  4834 | Sewer    | Entered a sewer
  4882 | Sewer    | Noticed Purgy
  4896 | Sewer    | Killed Purgy
  5508 | D:5      | You fall through a shaft!
  5508 | D:6      | Noticed a deep elf mage
  5517 | D:6      | Killed a deep elf mage
  5517 | D:6      | Reached skill level 11 in Maces & Flails
  5615 | D:6      | Reached XP level 9. HP: 51/98 MP: 9/9
  5625 | D:6      | Reached skill level 12 in Maces & Flails
  6972 | D:7      | Reached skill level 5 in Dodging
  6998 | D:7      | Reached skill level 10 in Fighting
  7053 | D:7      | Found a flagged portal.
  7237 | D:7      | Reached skill level 13 in Maces & Flails
  7844 | D:8      | Noticed Prince Ribbit
  7846 | D:8      | Killed Prince Ribbit
  7846 | D:8      | Reached XP level 10. HP: 111/111 MP: 10/10
  8682 | D:9      | Reached skill level 14 in Maces & Flails
  8885 | D:9      | HP: 8/166 [poisoned by a killer bee]
  8886 | D:9      | Succumbed to a killer bee's poison

Vault maps used:
D:1:      dpeg_arrival_round_a, corner_web_ring
D:2:      minmay_door_path, serial_forest, infiniplex_forest_clump_small,
          infiniplex_forest_clump_tiny, infiniplex_forest_clump_curved,
          infiniplex_forest_clump_diagonal, infiniplex_forest_lined_2,
          infiniplex_forest_3_way, infiniplex_forest_pool,
          infiniplex_forest_lined_room_2, serial_bayou_ford_a,
          minmay_misc_feat_roman, uniq_robin, uniq_jessica
D:3:      kb_forest_paths, first_bread, glass_columns_a
D:4:      kennysheep_the_goblin_king, uniq_sigmund
D:5:      overflow_temple_1_default, gup_sewer_entry_bowl, uniq_grinder
D:6:      kennysheep_big_flooded_room, glass_columns_b
D:7:      enter_bailey_3, grunt_livestock, minmay_misc_feat_x
D:8:      uniq_prince_ribbit1
D:9:      minmay_distorted_concentric_squares, special_room, worms_lemuel
Sewer:    kennysheep_door_sewer

Skill      XL: |  1  2  3  4  5  6  7  8  9 10 |
---------------+-------------------------------+-----
Maces & Flails | 5 6 7 8 10 11 13 14 | 14.2
Fighting       | 5 6 8 9 10 | 10.9
Dodging        | 3 5 6 |  6.0

Action                   |  1- 3 |  4- 6 |  7- 9 | 10-12 || total
-------------------------+-------+-------+-------+-------++-------
Melee: Mace              |   107 |    89 |       |       ||   196
       Flail             |       |   139 |    19 |       ||   158
       Giant club        |       |       |   253 |    73 ||   326
Throw: Javelin           |       |     6 |     7 |     1 ||    14
Invok: Berserk           |       |     4 |     4 |     2 ||    10
       Trog's Hand       |       |       |     1 |     1 ||     2
  Use: Scroll            |       |     6 |     7 |       ||    13
 Stab: Sleeping          |       |     1 |       |       ||     1
  Eat: Chunk             |       |    12 |    15 |     4 ||    31
       Pizza             |       |       |     1 |       ||     1
       Beef jerky        |       |       |     1 |       ||     1
       Fruit             |       |       |       |     1 ||     1
Armor: Animal skin       |    24 |    12 |       |       ||    36
       Robe              |       |    47 |    79 |    19 ||   145
Dodge: Dodged            |    56 |    77 |   141 |    64 ||   338
Block: Other             |     9 |    12 |    14 |     7 ||    42
